 Dungeon Sprint DCSS version 0.20.1-1-g8b1a95d (webtiles) character file.

128 suicidejoker the Covert (level 4, 0/23 HPs)
             Began as a Spriggan Enchanter on Sept 5, 2017.
             Slain by a necrophage (5 damage)
             ... in the Dungeon (Sprint III: "The Ten Rune Challenge").
             The game lasted 00:01:43 (150 turns).

suicidejoker the Covert (Spriggan Enchanter)         Turns: 150, Time: 00:01:43

Health: 0/23       AC:  5    Str:  7    XL:     4   Next: 87%
Magic:  9/12       EV: 22    Int: 16    God:
Gold:   29         SH:  0    Dex: 18    Spells: 4/13 levels left

rFire    . . .     SeeInvis +   l - +1 dagger (vamp)
rCold    . . .     Gourm    .   (shield restricted)
rNeg     . . .     Faith    .   b - +0 robe
rPois    .         Spirit   .   (helmet restricted)
rElec    .         Reflect  .   g - +0 cloak
rCorr    .         Harm     .   (gloves unavailable)
MR       .....     NoTele   +   (boots unavailable)
Stlth    ++++......             (no amulet)
Regen    0.1/turn               (no ring)
MPRegen  0.2/turn               (no ring)

@: very slightly contaminated, very quick
A: unfitting armour, slimy green scales 1, see invisible, agile 1, herbivore 3,
speed 3, robust 1, slow metabolism 2, strong 1
a: no special abilities


You were in the Dungeon.
You were full.

You visited 1 branch You collected 29 gold pieces.

Inventory:

Hand Weapons
 a - a +1 dagger
 f - a +3 quarterstaff of chaos
 l - a +1 vampiric dagger (weapon)
Armour
 b - a +0 robe (worn)
 g - a +0 cloak (worn)
Wands
 d - a wand of polymorph (7/24)
Scrolls
 j - a scroll of blinking
 k - 4 scrolls of identify
 m - a scroll of torment {unknown}
 n - 4 scrolls of remove curse
 q - a scroll of immolation {unknown}
Potions
 e - a potion of curing
 h - 2 potions of magic
 p - 3 potions of flight
Books
 c - a book of Maledictions

   Spells                             Type                      Level
   a - Corona                         Hexes                        1
   b - Ensorcelled Hibernation        Hexes/Ice                    2
   c - Confuse                        Hexes                        3
   d - Tukima's Dance                 Hexes                        3
   e - Dazzling Spray                 Conjuration/Hexes            3
Comestibles
 o - a bread ration


   Skills:
 + Level 4.4 Short Blades
 + Level 6.3 Dodging
 * Level 9.6 Stealth
 + Level 5.3 Spellcasting
 + Level 5.9 Hexes


You had 4 spell levels left.
You knew the following spells:

 Your Spells              Type           Power        Failure   Level  Hunger
a - Corona                Hex            ###....      1%          1    None
b - Ensorcelled Hibernat  Hex/Ice        ##....       6%          2    #......
c - Dazzling Spray        Conj/Hex       ##....       13%         3    ###....
d - Confuse               Hex            ###.....     3%          3    ###....


Dungeon Overview and Level Annotations

Branches:
Dungeon (1/1)

Altars:
Dithmenos
Ru
Yredelemnul


Innate Abilities, Weirdness & Mutations

You are very small and have problems with some larger weapons.
You are too small for most types of armour.
You have supernaturally acute eyesight. (SInv)
You are a herbivore.
You cover ground extremely quickly.
You need consume almost no food.
You are partially covered in slimy green scales. (AC +2)
You are agile. (Dex +2)
You are robust. (+10% HP)
Your muscles are strong. (Str +2)


Message History

The necromancer mumbles some strange words.
The necromancer binds the souls of nearby monsters.
The necrophage hits you!
Cast which spell? (? or * to list)
Aiming: Dazzling Spray
Press: ? - help, Shift-Dir - straight line, f - necrophage
Aim: a necrophage You miscast Dazzling Spray.
You are very lightly contaminated with residual magic.
You feel a strange surge of energy!
The necromancer points at you and mumbles some strange words.
The bolt of cold hits you!
* * * LOW HITPOINT WARNING * * *
The necrophage hits you.
* * * LOW HITPOINT WARNING * * *
You feel your flesh rotting away!
You feel better.
The necromancer hits you but does no damage.
The necrophage hits you.
You die...

▓▓ ▓▓▓ .♣ ♣.# ####
♣♣ ♣♣.# #__# ♣♣
♣..# #np#
≈♣♣♣♣♣.###+#+###@##
≈♣♣.♣..#..........#
≈≈♣.♣..'.⌠........#
≈≈≈≈.♣.#...######+#
≈≈≈....#.⌠.#
≈≈.....#...#
.......#+###
.......# .†.....#


You could see a necromancer and a necrophage.

Vanquished Creatures
  A water elemental (D)
  Crazy Yiuf (D)
  Jessica (D)
  A human (D)
  2 rats (D)
6 creatures vanquished.

Vanquished Creatures (others)
  4 hellions (D)
4 creatures vanquished.

Grand Total: 10 creatures vanquished

Notes
Turn   | Place    | Note
-------+----------+-------------------------------------------
     0 | D        | suicidejoker the Spriggan Enchanter began the quest for the Orb.
     0 | D        | Reached XP level 1. HP: 9/9 MP: 5/5
    12 | D        | Noticed Jessica
    15 | D        | Killed Jessica
    15 | D        | Reached skill level 6 in Stealth
    15 | D        | Reached XP level 2. HP: 13/13 MP: 5/7
    70 | D        | Reached skill level 5 in Dodging
    70 | D        | Reached skill level 7 in Stealth
    70 | D        | Reached skill level 5 in Hexes
    70 | D        | Reached XP level 3. HP: 16/16 MP: 7/9
    74 | D        | Learned a level 2 spell: Ensorcelled Hibernation
    78 | D        | Learned a level 3 spell: Dazzling Spray
    82 | D        | Learned a level 3 spell: Confuse
    84 | D        | Noticed Crazy Yiuf
    91 | D        | Killed Crazy Yiuf
    91 | D        | Reached skill level 8 in Stealth
    91 | D        | Reached XP level 4. HP: 21/21 MP: 9/11
   108 | D        | Killed a hellion
   114 | D        | Gained mutation: Your mind is acute. (Int +2) [potion of mutation]
   115 | D        | Lost mutation: Your mind is acute. (Int +2) [potion of mutation]
   115 | D        | Gained mutation: Your muscles are strong. (Str +2) [potion of mutation]
   115 | D        | Gained mutation: You can translocate small distances at will. [potion of mutation]
   116 | D        | Lost mutation: Your muscles are strong. (Str +2) [potion of mutation]
   116 | D        | Gained mutation: You are partially covered in slimy green scales. (AC +2) [potion of mutation]
   117 | D        | Lost mutation: You can translocate small distances at will. [potion of mutation]
   117 | D        | Gained mutation: You are agile. (Dex +2) [potion of mutation]
   117 | D        | Gained mutation: You are robust. (+10% HP) [potion of mutation]
   117 | D        | Gained mutation: Your muscles are strong. (Str +2) [potion of mutation]
   118 | D        | Killed a hellion
   118 | D        | Killed a hellion
   119 | D        | Killed a hellion
   134 | D        | Noticed a water elemental
   137 | D        | Killed a water elemental
   137 | D        | Reached skill level 9 in Stealth
   137 | D        | Reached skill level 5 in Spellcasting
   146 | D        | Found a basalt altar of Yredelemnul.
   146 | D        | Found a shadowy altar of Dithmenos.
   146 | D        | Found a sacrificial altar of Ru.
   146 | D        | Noticed a necrophage
   149 | D        | HP: 1/23 [necrophage (2)]
   150 | D        | Slain by a necrophage

Skill      XL: |  1  2  3  4 |
---------------+-------------+-----
Short Blades   | 2 3 4 |  4.4
Dodging        | 4 5 6 |  6.3
Stealth        | 6 7 8 9 |  9.6
Spellcasting   | 3 4 5 |  5.3
Hexes          | 4 5 |  5.9

Action                   |  1- 3 |  4- 6 || total
-------------------------+-------+-------++-------
Melee: Dagger            |    21 |     2 ||    23
  Use: Potion            |     3 |     5 ||     8
 Stab: Sleeping          |     3 |     1 ||     4
  Eat: Bread ration      |     1 |       ||     1
Armor: Robe              |     1 |     1 ||     2
Dodge: Dodged            |     9 |     1 ||    10
